 Dungeon Crawl Stone Soup version 0.26.0-10-g1f06aea511 (webtiles) character file.

Game seed: 11803721839579238136

19 gruber the Firebug (level 2, -1/20 HPs)
             Began as a Hill Orc Fire Elementalist on Jan 28, 2021.
             Slain by a dart slug (2 damage)
             ... on level 1 of the Dungeon.
             The game lasted 00:01:03 (988 turns).

gruber the Firebug (Hill Orc Fire Elementalist)      Turns: 988, Time: 00:01:04

Health: -1/20      AC:  2    Str: 10    XL:     2   Next: 75%
Magic:  2/4        EV: 12    Int: 15    God:
Gold:   117        SH:  0    Dex: 11    Spells: 3/4 levels left

rFire    . . .     SeeInvis .   (no weapon)
rCold    . . .     Faith    .   (no shield)
rNeg     . . .     Spirit   .   a - +0 robe
rPois    .         Reflect  .   (no helmet)
rElec    .         Harm     .   (no cloak)
rCorr    .         Rampage  .   (no gloves)
Will     .....                  (no boots)
Stlth    ++........             (no amulet)
HPRegen  0.06/turn              (no ring)
MPRegen  0.09/turn              (no ring)

@: no status effects
A: no striking features
a: no special abilities


You were on level 1 of the Dungeon.
You visited 1 branch of the dungeon, and saw 2 of its levels.

You collected 117 gold pieces.

Inventory:

Armour
 a - a +0 robe (worn)
Scrolls
 c - a scroll of magic mapping {unknown}
 d - a scroll of blinking {unknown}
 e - a scroll of remove curse {unknown}
 f - 4 scrolls of identify {unknown}
 g - a scroll of fear {unknown}
 h - a scroll of amnesia {unknown}
Potions
 b - a potion of haste {unknown}


   Skills:
 - Level 1.5 Dodging
 - Level 1.5 Stealth
 - Level 1.5 Spellcasting
 - Level 1.0 Conjurations
 + Level 4.3 Fire Magic


You had 3 spell levels left.
You knew the following spells:

 Your Spells              Type           Power        Failure   Level
a - Foxfire               Conj/Fire      36%          8%          1

Your spell library contained the following spells:

 Spells                   Type           Power        Failure   Level
 Conjure Flame            Conj/Fire      9%           24%         3
 Inner Flame              Hex/Fire       7%           28%         3
 Sticky Flame             Conj/Fire      9%           61%         4
 Fireball                 Conj/Fire      4%           91%         5


Dungeon Overview and Level Annotations

Branches:
Dungeon (2/15)

Altars:


Message History

The dart slug bites you but does no damage.
A mysterious force pulls you upwards. The hatch slams shut behind you.
The rat closely misses you.
You hit the rat but do no damage. The rat bites you.
You barely miss the rat. The rat misses you. The dart slug bites you.
You hit the rat but do no damage. The rat completely misses you.
The dart slug barely misses you.
You barely miss the rat. The rat bites you but does no damage.
You completely miss the rat. The rat misses you.
The dart slug closely misses you.
You hit the rat but do no damage. The rat barely misses you.
The dart slug launches a dart at you. The slug dart hits you.
* * * LOW HITPOINT WARNING * * *
You closely miss the rat. The rat bites you.
* * * LOW HITPOINT WARNING * * *
You barely miss the rat. The rat bites you.
* * * LOW HITPOINT WARNING * * *
The dart slug bites you.
You die...

#....###......###...###########
##.### #.......(...†...#
#.#############.......#
#........#....#.......#
#......#.#.##.#.......#
#......#.#.##.#.......#
#.....##.#.##.#.......#
##########.##r#####'#.#
#......†.##@w.....#.#
#.#################.###
#.....................#
################))....#
#......# #......# #......#
#......# ########


You could see a dart slug and a rat.

Vanquished Creatures
  A dart slug (D:1)
  2 leopard geckos (D:1)
  3 bats
  A goblin (D:1)
  2 hobgoblins (D:1)
  2 frilled lizards (D:1)
  3 kobolds
  2 rats (D:1)
16 creatures vanquished.

Vanquished Creatures (others)
  50 foxfires
50 creatures vanquished.

Grand Total: 66 creatures vanquished

Notes
Turn   | Place    | Note
-------+----------+-------------------------------------------
     0 | D:1      | gruber the Hill Orc Fire Elementalist began the quest for
                  | the Orb.
     0 | D:1      | Reached XP level 1. HP: 14/14 MP: 3/3
   311 | D:1      | Reached XP level 2. HP: 20/20 MP: 1/4
   443 | D:1      | Reached skill level 4 in Fire Magic
   988 | D:1      | HP: 1/20 [rat (1)]
   988 | D:1      | Slain by a dart slug

Illustrated notes

Levels and vault maps discovered:
D:1:      psy_arrival_fountain, layout_basic
D:2:      layout_basic

Skill      XL: |  1  2 |
---------------+-------+-----
Fire Magic     | 4 |  4.3
Dodging        | |  1.5
Stealth        | |  1.5
Spellcasting   | |  1.5
Conjurations   | |  1.0

Action                   || total
-------------------------++-------
Melee: Unarmed           ||    14
 Cast: Foxfire           ||    30
Armor: Robe              ||     8
Dodge: Dodged            ||    20
